 Dungeon Crawl Stone Soup version 0.18.1-48-g4cf74bf (console) character file.

5715 Kloppie the Impaler (level 10, -10/124 HPs)
             Began as a Merfolk Berserker on Aug 28, 2016.
             Was a High Priest of Trog.
             Mangled by Grum
             ... wielding a +1 spear
              (13 damage)
             ... on level 8 of the Dungeon.
             The game lasted 00:13:07 (7932 turns).

Kloppie the Impaler (Merfolk Berserker)             Turns: 7932, Time: 00:13:07

Health: -10/124    AC: 10    Str: 23    XL:     10   Next: 76%
Magic:  10/10      EV: 11    Int:  6    God:    Trog [*****.]
Gold:   408        SH:  0    Dex: 17    Spells: 0 memorised, 9 levels left

rFire  . . .     SeeInvis +     b - +0 glaive
rCold  . . .     Gourm    .     k - +0 scale mail
rNeg   . . .     Faith    .     (shield currently unavailable)
rPois  .         Spirit   .     L - +0 hat {MR+}
rElec  .         Dismiss  .     q - +2 cloak {+Inv}
rCorr  .         Reflect  .     (no gloves)
SustAt .         Harm     .     E - +0 pair of boots
MR     +++..                    M - amulet of regeneration
Stlth  ..........               F - ring of flight
                                r - ring of see invisible

@: berserking (expiring), regenerating, very quick, extremely resistant to
hostile enchantments, extremely unstealthy
A: change form in water, swift swim
a: Berserk, Trog's Hand, Brothers in Arms, Burn Spellbooks, Renounce Religion,
Evoke Invisibility, Evoke Flight


You were on level 8 of the Dungeon.
You worshipped Trog.
Trog was extremely pleased with you.
You were not hungry.

You visited 1 branch of the dungeon, and saw 8 of its levels.

You collected 408 gold pieces.

Inventory:

Hand Weapons
 a - a +0 spear
 b - a +0 glaive (weapon)
Missiles
 K - 6 javelins of penetration (quivered)
Armour
 k - a +0 scale mail (worn)
 q - a +2 cloak of invisibility (worn)
 E - a +0 pair of boots (worn)
 L - a +0 hat of magic resistance (worn)
Jewellery
 r - a ring of see invisible (left hand)
 F - a ring of flight (right hand)
 M - an amulet of regeneration (around neck)
Wands
 v - a wand of flame (4/48)
Scrolls
 d - 2 scrolls of immolation {unknown}
 e - 6 scrolls of identify {unknown}
 f - 2 scrolls of teleportation {unknown}
 g - 3 scrolls of amnesia {unknown}
 m - 3 scrolls of remove curse {unknown}
 n - a scroll of random uselessness {unknown}
 s - 2 scrolls of magic mapping {unknown}
 u - 2 scrolls of fear {unknown}
 x - a scroll of recharging {unknown}
 y - a scroll of blinking {unknown}
 z - a scroll of enchant armour {unknown}
 A - a scroll of fog {unknown}
 C - a scroll of enchant weapon {unknown}
Potions
 j - 2 potions of might {unknown}
 l - 3 potions of ambrosia {unknown}
 o - a potion of cancellation {unknown}
 t - 3 potions of curing {unknown}
 w - 10 potions of heal wounds {unknown}
 D - a potion of brilliance {unknown}
 G - a potion of berserk rage {unknown}
 H - 2 potions of invisibility
 J - a potion of mutation {unknown}
Books
 I - Sif Muna's Papyrus of Augmentations
   (You found it on level 7 of the Dungeon)

   Spells                             Type                      Level
   a - Infusion                       Charms                       1
   Trog disapproves of the use of such an item.
Comestibles
 c - 7 bread rations
 h - 5 meat rations
 i - 5 beef jerkies
 p - 9 fruits
 B - 2 slices of pizza
 N - 9 royal jellies


   Skills:
 + Level 9.3 Fighting
 * Level 18.1 Polearms
 - Level 1.3 Armour
 - Level 2.6 Dodging


You had 9 spell levels left.
You didn't know any spells.

Dungeon Overview and Level Annotations

Branches:
Dungeon (8/15)             Temple (0/1) D:6
   Lair: D:8-11

Altars:
Cheibriados
Dithmenos
Elyvilon
Fedhas
Kikubaaqudgha
Makhleb
Nemelex Xobeh
Okawaru
Qazlal
Sif Muna
Xom
Zin

Shops:
D:4 (

Annotations:
D:8 Grum


Message History

* * * LOW HITPOINT WARNING * * *
You slice the orc wizard!!
You kill the orc wizard!
Trog accepts your kill.
Trog appreciates your killing of a magic user.
Something appears at your feet! Trog grants you a gift! The wolf bites you!
* * * LOW HITPOINT WARNING * * *
The wolf bites you but does no damage.
The orc warrior hits you but does no damage.
You slice the wolf!!
You kill the wolf!
Trog accepts your kill. The wolf bites you.
* * * LOW HITPOINT WARNING * * *
The wolf bites you.
* * * LOW HITPOINT WARNING * * *
Grum hits you from afar with an enchanted spear!
You die...

....#'#### ....+....#
#.....<.... ....#....#
#.......... ....#...##
#.......... ....###'##
#.......... ....#....#
#.......... ....#....#
#..oZ...... ....#....#
#.)hhg..... ....#....#
#.)@†...... ....#....#
#...)......
....##..######..........
.#####..#...............
.# #..#...............
.# #..#...............
.# #..#...............
.# #..'...............
.# #..#..............


You could see Grum, an orc warrior, 2 wolves and an adder skeleton.

Vanquished Creatures
  Gastronok (D:8)
  Erolcha (D:8)
  2 soldier ants (D:8)
  Duvessa (D:4)
  2 ice beasts
  A sky beast (D:7)
  A wasp (D:8)
  3 ogres (D:4)
  A phantom (D:7)
  2 wolves (D:8)
  3 centaurs
  5 giant frogs
  A gnoll sergeant (D:8)
  Dowan (D:4)
  4 scorpions
  4 wights (D:7)
  A howler monkey (D:6)
  4 crimson imps
  A jelly (D:6)
  A centaur skeleton (D:8)
  7 orc wizards
  3 orc priests
  Crazy Yiuf (D:2)
  3 hounds
  4 iguanas
  5 worker ants
  A killer bee zombie (D:3)
  3 hound skeletons
  9 gnolls
  12 adders
  3 shadow imps
  4 worms
  4 dart slugs
  2 giant geckos
  24 orcs
  9 giant cockroaches
  5 goblins
  15 hobgoblins
  8 jackals
  10 kobolds
  5 quokkas
  3 ball pythons
  5 bats
  A giant cockroach zombie (D:5)
  A giant gecko skeleton (D:6)
  3 giant newts
  12 rats
202 creatures vanquished.

Vanquished Creatures (others)
  An orc (D:8)
1 creature vanquished.

Grand Total: 203 creatures vanquished

Notes
Turn   | Place    | Note
--------------------------------------------------------------
     0 | D:1      | Kloppie the Merfolk Berserker began the quest for the Orb.
     0 | D:1      | Reached XP level 1. HP: 18/18 MP: 1/1
    83 | D:1      | Reached skill level 5 in Polearms
    90 | D:1      | Reached XP level 2. HP: 24/24 MP: 2/2
   644 | D:1      | Reached skill level 6 in Polearms
   644 | D:1      | Reached XP level 3. HP: 29/29 MP: 3/3
  1128 | D:2      | Found a blossoming altar of Fedhas.
  1243 | D:2      | Reached ** piety under Trog
  1312 | D:2      | Noticed Crazy Yiuf
  1322 | D:2      | Killed Crazy Yiuf
  1322 | D:2      | Reached skill level 7 in Polearms
  1322 | D:2      | Reached XP level 4. HP: 35/35 MP: 4/4
  1798 | D:3      | Found a white marble altar of Elyvilon.
  2156 | D:3      | Reached skill level 8 in Polearms
  2188 | D:3      | Reached XP level 5. HP: 41/41 MP: 5/5
  2251 | D:3      | Found a burning altar of Makhleb.
  2477 | D:3      | You fall through a shaft for 3 floors!
  2477 | D:6      | Noticed a centaur
  2478 | D:6      | Found an iron altar of Okawaru.
  2497 | D:6      | Killed a centaur
  2497 | D:6      | Reached skill level 9 in Polearms
  2497 | D:6      | Reached XP level 6. HP: 37/47 MP: 6/6
  2670 | D:6      | Reached skill level 10 in Polearms
  2721 | D:5      | Entered Level 5 of the Dungeon
  2983 | D:4      | Reached *** piety under Trog
  2983 | D:4      | Reached XP level 7. HP: 36/52 MP: 7/7
  2984 | D:4      | Reached skill level 11 in Polearms
  3429 | D:4      | Found a shimmering altar of Xom.
  3558 | D:4      | Reached skill level 12 in Polearms
  3705 | D:4      | Found a shadowy altar of Dithmenos.
  3717 | D:4      | Noticed Dowan
  3719 | D:4      | Noticed Duvessa
  3731 | D:4      | Killed Dowan
  3739 | D:4      | Killed Duvessa
  3739 | D:4      | Reached XP level 8. HP: 22/61 MP: 8/8
  4127 | D:4      | Found a snail-covered altar of Cheibriados.
  4131 | D:4      | Found Isusane's Weapon Shoppe.
  4206 | D:4      | Found a stormy altar of Qazlal.
  4546 | D:4      | Reached skill level 13 in Polearms
  4601 | D:4      | Reached skill level 5 in Fighting
  4987 | D:6      | Reached **** piety under Trog
  5466 | D:6      | Found an ancient bone altar of Kikubaaqudgha.
  5474 | D:6      | Reached skill level 14 in Polearms
  5541 | D:6      | Found a staircase to the Ecumenical Temple.
  5873 | D:7      | Reached XP level 9. HP: 63/69 MP: 9/9
  5983 | D:7      | Found a sparkling altar of Nemelex Xobeh.
  5984 | D:7      | Found a shimmering altar of Xom.
  5985 | D:7      | Found a glowing silver altar of Zin.
  6049 | D:7      | Reached ***** piety under Trog
  6504 | D:7      | Found a deep blue altar of Sif Muna.
  6532 | D:7      | Identified Sif Muna's Papyrus of Augmentations
  6594 | D:7      | Reached skill level 15 in Polearms
  7031 | D:8      | Received a gift from Trog
  7412 | D:8      | Noticed Gastronok
  7430 | D:8      | Killed Gastronok
  7430 | D:8      | Reached skill level 17 in Polearms
  7430 | D:8      | Reached XP level 10. HP: 9/82 MP: 10/10
  7915 | D:8      | Noticed Erolcha
  7916 | D:8      | Noticed Grum
  7930 | D:8      | Killed Erolcha
  7930 | D:8      | Reached skill level 18 in Polearms
  7931 | D:8      | Received a gift from Trog
  7931 | D:8      | HP: 6/124 [wolf[Grum] (8)]
  7932 | D:8      | Mangled by Grum

Skill      XL: |  1  2  3  4  5  6  7  8  9 10 |
---------------+-------------------------------+-----
Polearms       | 5 6 7 8 9 10 12 14 17 18 | 18.1
Fighting       | 4 6 8 9 |  9.3
Armour         | |  1.3
Dodging        | |  2.6

Action                   |  1- 3 |  4- 6 |  7- 9 | 10-12 || total
-------------------------+-------+-------+-------+-------++-------
Melee: Spear             |   134 |   247 |   450 |       ||   831
       Glaive            |       |       |   173 |    47 ||   220
Invok: Berserk           |     2 |     2 |     5 |     1 ||    10
       Trog's Hand       |       |     2 |     2 |     2 ||     6
 Stab: Sleeping          |     3 |       |       |       ||     3
  Eat: Chunk             |     2 |     8 |    19 |       ||    29
       Fruit             |       |       |     1 |       ||     1
       Meat ration       |       |       |       |     1 ||     1
Armor: Animal skin       |     5 |       |       |       ||     5
       Scale mail        |    19 |    58 |   129 |    30 ||   236
Dodge: Dodged            |    42 |    61 |   165 |    41 ||   309
